AAA EAST
BUFFALO BISONS @ IOWA CUBS
07/07/2041
 
TOP OF THE 1ST
Buffalo Bisons batting - Pitching for Iowa Cubs : RHP Sergio Galván
Pitching: RHP Sergio Galván
Batting: RHB Sergio Romero 0-0: Called Strike
0-1: Ball
1-1: Ball
2-1: Called Strike
2-2: Strikes out swinging
Batting: RHB José Gutiérrez 0-0: Ball
1-0: Ball
2-0: Fly out, F8 (Flyball, 89M, EV 96.3 MPH)
Batting: SHB Eustachio Tucci 0-0: Ground out 4-3 (Groundball, 4M, EV 92.5 MPH)
Top of the 1st over - 0 runs, 0 hits, 0 errors, 0 left on base; Buffalo 0 - Iowa 0
BOTTOM OF THE 1ST
Iowa Cubs batting - Pitching for Buffalo Bisons : RHP Ben Skinner
Pitching: RHP Ben Skinner
Batting: RHB Donmaz Chavchavadze 0-0: Ball
1-0: Foul Ball, location: 5F
1-1: Foul Ball, location: 9LDF
1-2: Ground out 6-3 (Groundball, 6, EV 83.8 MPH)
Batting: RHB Víctor Aquino 0-0: Ball
1-0: Called Strike
1-1: Swinging Strike
1-2: Ground out 5-3 (Groundball, 56S, EV 71.9 MPH)
Batting: LHB Joe Walter 0-0: Ball
1-0: Called Strike
1-1: Ball
2-1: Called Strike
2-2: Fly out, F8 (Flyball, 8RS, EV 90.0 MPH)
Bottom of the 1st over - 0 runs, 0 hits, 0 errors, 0 left on base; Buffalo 0 - Iowa 0
TOP OF THE 2ND
Buffalo Bisons batting - Pitching for Iowa Cubs : RHP Sergio Galván
Batting: RHB Jorge Gutiérrez 0-0: Called Strike
0-1: Fly out, F9 (Flyball, 9LM, EV 107.5 MPH)
Batting: RHB Raúl Peña 0-0: Ball
1-0: Foul Ball, location: 2F
1-1: Ball
2-1: Ground out 5-3 (Groundball, 56S, EV 88.1 MPH)
Batting: RHB Jeff Jones 0-0: Called Strike
0-1: Foul Ball, location: 9LSF
0-2: Ball
1-2: Fly out, F5 (Line Drive, 56, EV 63.8 MPH)
Top of the 2nd over - 0 runs, 0 hits, 0 errors, 0 left on base; Buffalo 0 - Iowa 0
BOTTOM OF THE 2ND
Iowa Cubs batting - Pitching for Buffalo Bisons : RHP Ben Skinner
Batting: RHB José Féliz 0-0: Ball
1-0: SOLO HOME RUN (Flyball, 89XD, EV 107.5 MPH), Distance : 410 ft
Batting: LHB Raúl Soto 0-0: Called Strike
0-1: Swinging Strike
0-2: Foul Ball, location: 23F
0-2: Ball
1-2: Strikes out swinging
Batting: RHB Tony Aguirre 0-0: Ball
1-0: Ball
2-0: Ball
3-0: Called Strike
3-1: Base on Balls
Batting: RHB Jimmy Shaw 0-0: Foul Ball, location: 9LDF
0-1: Ball
1-1: Foul Ball, location: 2F
1-2: Foul Ball, location: 25F
1-2: Foul Ball, location: 2F
1-2: Ball
2-2: Foul Ball, location: 2F
2-2: Ball
3-2: Base on Balls
Tony Aguirre to second
Batting: RHB Charlie Roe 0-0: Ball
1-0: Ball
2-0: Foul Ball, location: 2F
2-1: Grounds into double play, U6-3 (Groundball, 4M, EV 91.9 MPH)
Bottom of the 2nd over - 1 run, 1 hit, 0 errors, 1 left on base; Buffalo 0 - Iowa 1
TOP OF THE 3RD
Buffalo Bisons batting - Pitching for Iowa Cubs : RHP Sergio Galván
Batting: RHB Raúl Ramírez 0-0: Ground out 4-3 (Groundball, 34, EV 103.1 MPH)
Batting: RHB Arnaldo Rovigo 0-0: Ground out 4-3 (Groundball, 4, EV 88.1 MPH)
Batting: RHB Jim Unknown 0-0: Called Strike
0-1: Called Strike
0-2: Strikes out swinging
Top of the 3rd over - 0 runs, 0 hits, 0 errors, 0 left on base; Buffalo 0 - Iowa 1
BOTTOM OF THE 3RD
Iowa Cubs batting - Pitching for Buffalo Bisons : RHP Ben Skinner
Batting: RHB Luis Álvarez 0-0: Called Strike
0-1: Foul Ball, location: 25F
0-2: Ball
1-2: Ball
2-2: Strikes out swinging
Batting: RHB Donmaz Chavchavadze 0-0: Ball
1-0: Foul Ball, location: 9LMF
1-1: Ball
2-1: Fly out, F8 (Flyball, 8LD, EV 100.6 MPH)
Batting: RHB Víctor Aquino 0-0: Ball
1-0: Ball
2-0: Ball
3-0: Called Strike
3-1: Foul Ball, location: 9LDF
3-2: Foul Ball, location: 2F
3-2: Ground out 6-3 (Groundball, P, EV 82.5 MPH)
Bottom of the 3rd over - 0 runs, 0 hits, 0 errors, 0 left on base; Buffalo 0 - Iowa 1
TOP OF THE 4TH
Buffalo Bisons batting - Pitching for Iowa Cubs : RHP Sergio Galván
Batting: RHB Sergio Romero 0-0: Foul Ball, location: 25F
0-1: Called Strike
0-2: Ball
1-2: Strikes out swinging
Batting: RHB José Gutiérrez 0-0: Foul Ball, location: 2F
0-1: Called Strike
0-2: Ball
1-2: Ground out 5-3 (Groundball, 56, EV 103.8 MPH)
Batting: SHB Eustachio Tucci 0-0: Called Strike
0-1: Called Strike
0-2: SINGLE (Groundball, 6MD, EV 98.8 MPH)
Batting: RHB Jorge Gutiérrez 0-0: Ball
1-0: Ball
2-0: Ball
3-0: Base on Balls
Eustachio Tucci to second
Batting: RHB Raúl Peña 0-0: Ball
1-0: Ground out U3 (Groundball, 3L, EV 93.1 MPH)
Top of the 4th over - 0 runs, 1 hit, 0 errors, 2 left on base; Buffalo 0 - Iowa 1
BOTTOM OF THE 4TH
Iowa Cubs batting - Pitching for Buffalo Bisons : RHP Ben Skinner
Batting: LHB Joe Walter 0-0: SOLO HOME RUN (Flyball, 9LD, EV 103.8 MPH), Distance : 410 ft
Batting: RHB José Féliz 0-0: Fly out, F9 (Flyball, 89M, EV 81.3 MPH)
Batting: LHB Raúl Soto 0-0: Ball
1-0: Ball
2-0: Called Strike
2-1: Ball
3-1: Called Strike
3-2: Base on Balls
Batting: RHB Tony Aguirre 0-0: Ball
1-0: Ball
2-0: Swinging Strike
2-1: Swinging Strike
2-2: Foul Ball, location: 3F
2-2: Strikes out swinging
Batting: RHB Jimmy Shaw 0-0: Ground out 4-3 (Groundball, 4, EV 83.8 MPH)
Bottom of the 4th over - 1 run, 1 hit, 0 errors, 1 left on base; Buffalo 0 - Iowa 2
TOP OF THE 5TH
Buffalo Bisons batting - Pitching for Iowa Cubs : RHP Sergio Galván
Batting: RHB Jeff Jones 0-0: Ground out 5-3 (Groundball, 5, EV 102.5 MPH)
Batting: RHB Raúl Ramírez 0-0: Ball
1-0: Called Strike
1-1: Ball
2-1: Ground out 5-3 (Groundball, 5L, EV 107.5 MPH)
Batting: RHB Arnaldo Rovigo 0-0: Ball
1-0: Foul Ball, location: 2F
1-1: Called Strike
1-2: SINGLE (Groundball, 34D, EV 103.1 MPH)
Batting: RHB Jim Unknown 0-0: Ball
1-0: Ground out 4-3 (Groundball, 34, EV 100.0 MPH)
Top of the 5th over - 0 runs, 1 hit, 0 errors, 1 left on base; Buffalo 0 - Iowa 2
BOTTOM OF THE 5TH
Iowa Cubs batting - Pitching for Buffalo Bisons : RHP Ben Skinner
Batting: RHB Charlie Roe 0-0: Ball
1-0: Called Strike
1-1: Called Strike
1-2: Ball
2-2: Fly out, F9 (Flyball, 89S, EV 87.5 MPH)
Batting: RHB Luis Álvarez 0-0: Ball
1-0: Ball
2-0: Foul Ball, location: 9LDF
2-1: Called Strike
2-2: Ball
3-2: Foul Ball, location: 9LSF
3-2: Strikes out swinging
Batting: RHB Donmaz Chavchavadze 0-0: Ground out 6-3 (Groundball, 6, EV 81.9 MPH)
Bottom of the 5th over - 0 runs, 0 hits, 0 errors, 0 left on base; Buffalo 0 - Iowa 2
TOP OF THE 6TH
Buffalo Bisons batting - Pitching for Iowa Cubs : RHP Sergio Galván
Batting: RHB Sergio Romero 0-0: Foul Ball, location: 23FF
0-1: Ball
1-1: Foul Ball, location: 2F
1-2: Strikes out swinging
Batting: RHB José Gutiérrez 0-0: Foul Ball, location: 5FF
0-1: Swinging Strike
0-2: Ball
1-2: Foul Ball, location: 2F
1-2: Ball
2-2: Ball
3-2: SOLO HOME RUN (Flyball, 78XD, EV 110.6 MPH), Distance : 415 ft
Batting: SHB Eustachio Tucci 0-0: Ball
1-0: Fly out, F9 (Flyball, 9D, EV 88.1 MPH)
Batting: RHB Jorge Gutiérrez 0-0: Foul Ball, location: 9LDF
0-1: Swinging Strike
0-2: Strikes out swinging
Top of the 6th over - 1 run, 1 hit, 0 errors, 0 left on base; Buffalo 1 - Iowa 2
BOTTOM OF THE 6TH
Iowa Cubs batting - Pitching for Buffalo Bisons : RHP Ben Skinner
Batting: RHB Víctor Aquino 0-0: Ground out 6-3 (Groundball, 6, EV 87.5 MPH)
Batting: LHB Joe Walter 0-0: Ball
1-0: Ball
2-0: Fly out, F8 (Flyball, 89XD, EV 94.4 MPH)
Batting: RHB José Féliz 0-0: Fly out, F5 (Popup, 5SF, EV 75.6 MPH)
Bottom of the 6th over - 0 runs, 0 hits, 0 errors, 0 left on base; Buffalo 1 - Iowa 2
TOP OF THE 7TH
Buffalo Bisons batting - Pitching for Iowa Cubs : RHP Sergio Galván
Batting: RHB Raúl Peña 0-0: Foul Ball, location: 5FF
0-1: Ball
1-1: SINGLE (Line Drive, 3D, EV 108.1 MPH)
Batting: RHB Jeff Jones 0-0: Called Strike
0-1: Ball
1-1: Foul Ball, location: 2RF
1-2: DOUBLE (Line Drive, 9LM, EV 102.5 MPH)
Raúl Peña to third
Batting: RHB Raúl Ramírez 0-0: Ground out 5-3 (Groundball, 56, EV 88.1 MPH)
Batting: RHB Arnaldo Rovigo 0-0: Ball
1-0: Swinging Strike
1-1: Swinging Strike
1-2: Foul Ball, location: 9LSF
1-2: Ball
2-2: Fly out, F7 (Flyball, 7, EV 75.6 MPH)
Pinch Hitting: RHB Hisashi Taniguchi 0-0: Ground out 6-3 (Groundball, 6, EV 81.9 MPH)
Top of the 7th over - 0 runs, 2 hits, 0 errors, 2 left on base; Buffalo 1 - Iowa 2
BOTTOM OF THE 7TH
Iowa Cubs batting - Pitching for Buffalo Bisons : RHP Ben Skinner
Now in RF: Jim Unknown
Batting: LHB Raúl Soto 0-0: Called Strike
0-1: Ball
1-1: Ball
2-1: Foul Ball, location: 3FF
2-2: Ball
3-2: Ground out 4-3 (Groundball, 4, EV 101.3 MPH)
Batting: RHB Tony Aguirre 0-0: Swinging Strike
0-1: Ball
1-1: SINGLE (Groundball, 6MD, EV 97.5 MPH)
Batting: RHB Jimmy Shaw 0-0: Ball
1-0: Ball
2-0: Grounds into double play, 4-6-3 (Groundball, 4, EV 84.4 MPH)
Bottom of the 7th over - 0 runs, 1 hit, 0 errors, 0 left on base; Buffalo 1 - Iowa 2
TOP OF THE 8TH
Buffalo Bisons batting - Pitching for Iowa Cubs : RHP Sergio Galván
Now at 2B: Doug Conway
Batting: RHB Sergio Romero 0-0: Called Strike
0-1: Foul Ball, location: 9LDF
0-2: Ball
1-2: Foul Ball, location: 2F
1-2: Ball
2-2: SINGLE (Line Drive, 34D, EV 95.0 MPH)
Batting: RHB José Gutiérrez 0-0: Foul Ball, location: 3FF
0-1: Called Strike
0-2: Foul Ball, location: 5F
0-2: Ball
1-2: Ball
2-2: SINGLE (Line Drive, 8LS, EV 95.6 MPH)
Sergio Romero to second
Batting: SHB Eustachio Tucci 0-0: Ball
1-0: Foul Ball, location: 3DF
1-1: Foul Ball, location: 3F
1-2: Strikes out looking
Batting: RHB Jorge Gutiérrez 0-0: Ball
1-0: Ball
2-0: Ball
3-0: Called Strike
3-1: 3-RUN HOME RUN (Flyball, 89XD, EV 105.6 MPH), Distance : 417 ft
Batting: RHB Raúl Peña 0-0: Ball
1-0: Ball
2-0: Called Strike
2-1: Ball
3-1: Base on Balls
Batting: RHB Jeff Jones 0-0: Ball
1-0: Ball
2-0: Fly out, F8 (Line Drive, 89M, EV 93.8 MPH)
Batting: RHB Raúl Ramírez 0-0: Foul Ball, location: 7LDF
0-1: Ball
1-1: Ball
2-1: Ball
3-1: Called Strike
3-2: Ground out 6-3 (Groundball, 6, EV 106.3 MPH)
Top of the 8th over - 3 runs, 3 hits, 0 errors, 1 left on base; Buffalo 4 - Iowa 2
BOTTOM OF THE 8TH
Iowa Cubs batting - Pitching for Buffalo Bisons : RHP Ben Skinner
Batting: RHB Charlie Roe 0-0: Ball
1-0: Ball
2-0: Called Strike
2-1: Swinging Strike
2-2: Fly out, F6 (Popup, 4M, EV 60.0 MPH)
Pitching: LHP Joaquín Alfaro
Batting: RHB Luis Álvarez 0-0: Ball
1-0: Ball
2-0: Swinging Strike
2-1: Ball
3-1: Called Strike
3-2: Base on Balls
Batting: RHB Donmaz Chavchavadze 0-0: Fly out, F9 (Flyball, 9, EV 91.3 MPH)
Batting: RHB Víctor Aquino 0-0: Ball
1-0: Ball
2-0: Ball
3-0: Called Strike
3-1: Swinging Strike
3-2: Ground out 5-3 (Groundball, 5L, EV 90.0 MPH)
Bottom of the 8th over - 0 runs, 0 hits, 0 errors, 1 left on base; Buffalo 4 - Iowa 2
TOP OF THE 9TH
Buffalo Bisons batting - Pitching for Iowa Cubs : RHP Sergio Galván
Batting: RHB Arnaldo Rovigo 0-0: Swinging Strike
0-1: Ball
1-1: Foul Ball, location: 7LSF
1-2: Ball
2-2: Ground out 4-3 (Groundball, 4, EV 110.6 MPH)
Pitching: RHP Luis Alonso
Batting: RHB Jim Unknown 0-0: Called Strike
0-1: Called Strike
0-2: Strikes out swinging
Batting: RHB Sergio Romero 0-0: Ball
1-0: Called Strike
1-1: Foul Ball, location: 3SF
1-2: Fly out, F9 (Flyball, 89D, EV 106.9 MPH)
Top of the 9th over - 0 runs, 0 hits, 0 errors, 0 left on base; Buffalo 4 - Iowa 2
BOTTOM OF THE 9TH
Iowa Cubs batting - Pitching for Buffalo Bisons : LHP Joaquín Alfaro
Pitching: RHP Bob Hatcher
Batting: LHB Joe Walter 0-0: Ball
1-0: Ball
2-0: Called Strike
2-1: Foul Ball, location: 9LSF
2-2: Ball
3-2: SOLO HOME RUN (Flyball, 9D, EV 101.3 MPH), Distance : 401 ft
Batting: LHB Doug Conway 0-0: Ground out 4-3 (Groundball, 4, EV 105.6 MPH)
Batting: LHB Raúl Soto 0-0: Called Strike
0-1: Ball
1-1: Foul Ball, location: 3F
1-2: Foul Ball, location: 9LMF
1-2: Strikes out swinging
Batting: RHB Tony Aguirre 0-0: Ball
1-0: Ball
2-0: Called Strike
2-1: Foul Ball, location: 2RF
2-2: Ball
3-2: SINGLE (Line Drive, 89D, EV 107.5 MPH)
Pinch Runner at 1st José Rosário:
Batting: RHB Jimmy Shaw 0-0: Foul Ball, location: 2F
0-1: Ball
1-1: Ball
2-1: SINGLE (Groundball, 34S, EV 82.5 MPH) (infield hit)
José Rosário to second
Batting: RHB Charlie Roe 0-0: Ball
1-0: Ball
2-0: Hit by Pitch
José Rosário to third
Jimmy Shaw to second
Pinch Hitting: LHB Stan West 0-0: Fly out, F9 (Line Drive, 89M, EV 97.5 MPH)
Bottom of the 9th over - 1 run, 3 hits, 0 errors, 3 left on base; Buffalo 4 - Iowa 3
Monday, April 1st , 2024 - OOTP Baseball 24.10 Build 82